 Dungeon Crawl Stone Soup version 0.29-a0-284-gf9362112df (webtiles) character file.

Game seed: 14051153153933165995

296 siradein the Grave Robber (level 6, -3/51 HPs)
             Began as a Ghoul Necromancer on Mar 22, 2022.
             Killed by divine providence
             ... invoked by an orc priest
              (8 damage)
             ... on level 3 of the Dungeon.
             The game lasted 00:08:16 (2225 turns).

siradein the Grave Robber (Ghoul Necromancer)       Turns: 2225, Time: 00:08:17

Health: -3/51      AC: 10    Str: 12    XL:     6   Next: 35%
Magic:  9/9        EV: 10    Int: 12    God:
Gold:   144        SH:  0    Dex:  9    Spells: 7/11 levels left

rFire   + . .      SeeInvis .   j - +0 dagger (venom)
rCold   + . .      Faith    .   (no shield)
rNeg    + + +      Spirit   .   k - +4 ring mail {rF+}
rPois   ∞          Reflect  .   (no helmet)
rElec   .          Harm     .   (no cloak)
rCorr   .          Rampage  .   g - +0 pair of gloves
Will    .....                   (no boots)
Stlth   +.........              (no amulet)
HPRegen 0.00/turn               (no ring)
MPRegen 0.11/turn               (no ring)

@: inhibited regen
A: claws 1, cold resistance 1, negative energy resistance 3, inhibited
regeneration, torment resistance 2
a: no special abilities


You were on level 3 of the Dungeon.
You visited 1 branch of the dungeon, and saw 3 of its levels.

You collected 144 gold pieces.

Inventory:

Hand Weapons
 j - a +0 dagger of venom (weapon)
Missiles
 f - 4 datura-tipped darts
Armour
 g - a +0 pair of gloves (worn)
 k - a +4 ring mail of fire resistance (worn)
Scrolls
 e - a scroll of immolation
 m - 3 scrolls of teleportation
Potions
 b - a potion of magic
 i - 2 potions of heal wounds


   Skills:
 + Level 3.1 Fighting
 + Level 3.2 Dodging
 - Level 2.1 Stealth
 + Level 3.0 Spellcasting
 + Level 5.0 Necromancy


You had 7 spell levels left.
You knew the following spells:

 Your Spells              Type           Power      Damage    Failure   Level
a - Pain                  Necr           56%        1d6       7%          1
b - Vampiric Draining     Necr           14%        2d7       21%         3

Your spell library contained the following spells:

 Spells                   Type           Power      Damage    Failure   Level
 Animate Skeleton         Necr           28%        N/A       7%          1
 Shock                    Conj/Air       4%         1d3       50%         1
 Animate Dead             Necr           7%         N/A       56%         4
 Agony                    Necr           14%        N/A       88%         5


Dungeon Overview and Level Annotations

Branches:
Dungeon (3/15)

Altars:


Innate Abilities, Weirdness & Mutations

You thrive by killing the living.
You are immune to poison.
You have sharp fingernails.
Your flesh is cold resistant. (rC+)
You are immune to negative energy. (rN+++)
You do not regenerate when monsters are visible.
You are immune to unholy pain and torment.


Message History

You kill the orc priest!
You feel better.
You barely miss the orc. The orc misses you.
You hit the orc.
The orc is heavily wounded.
The orc hits you but does no damage.
You hit the orc.
The orc is poisoned.
The orc is almost dead.
You kill the orc!
You feel better.
You barely miss the orc priest.
The orc priest hits you with a +0 dagger.
You closely miss the orc priest.
The orc priest hits you but does no damage.
You closely miss the orc priest.
The orc priest hits you with a +0 dagger.
You barely miss the orc priest.
The orc priest mumbles some strange prayers to Beogh against you.
Beogh smites you!
* * * LOW HITPOINT WARNING * * *
You barely miss the orc priest.
The orc priest hits you with a +0 dagger.
* * * LOW HITPOINT WARNING * * *
You closely miss the orc priest.
The orc priest hits you but does no damage.
You hit the orc priest.
The orc priest is lightly wounded.
The orc priest barely misses you.
You hit the orc priest.
The orc priest is poisoned.
The orc priest is moderately wounded.
The orc priest barely misses you.
You hit the orc priest but do no damage.
The orc priest looks even sicker.
The orc priest is moderately wounded.
The orc priest hits you but does no damage.
You closely miss the orc priest.
The orc priest is heavily wounded.
The orc priest calls down the wrath of Beogh upon you.
Beogh smites you!
You die...

#.....#.# #.# ###.....#.#
#.# ### .##.....#.# #.#
..#
.##.......####.#####..#.##
...........>..............
.##.......####.#####..#.#
.##...†...####.# ###....#
............##.###)...#.#
.####.#.....##..@o...)..#
.####.#.....##.###.#....#
.............#.# #.# ...#
..##.#.#.....#.#.... ..#
#.##.#.#..#..... #.#. ...
#.##.#.#..#..#.# ..... ##
#.##.#.#..#..#.# #.# #.
.....#.#..#....#.#.#.#..
#.####.........#......


You could see an orc priest (very poisoned).

Vanquished Creatures
  Sigmund (D:2)
  An orc priest (D:3)
  Terence (D:2)
  2 adders (D:2)
  3 dart slugs
  2 orcs (D:3)
  3 ball pythons
  3 bats
  5 endoplasms
  4 giant cockroaches
  3 goblins
  4 hobgoblins
  4 kobolds
  12 rats
48 creatures vanquished.

Notes
Turn   | Place    | Note
-------+----------+-------------------------------------------
     0 | D:1      | siradein the Ghoul Necromancer began the quest for the Orb.
     0 | D:1      | Reached XP level 1. HP: 14/14 MP: 2/2
   211 | D:1      | Reached XP level 2. HP: 21/22 MP: 3/3
   369 | D:1      | Reached skill level 1 in Fighting
   634 | D:1      | Reached XP level 3. HP: 28/28 MP: 5/5
   638 | D:1      | Learned a level 3 spell: Vampiric Draining
   691 | D:1      | Found a faded altar of an unknown god.
   698 | D:1      | Got Plato's Catalogue of Feathers
   962 | D:2      | Noticed Terence
   984 | D:2      | Killed Terence
   985 | D:2      | Reached XP level 4. HP: 21/36 MP: 6/6
  1564 | D:2      | Noticed Sigmund
  1588 | D:2      | Killed Sigmund
  1589 | D:2      | Reached XP level 5. HP: 44/44 MP: 6/8
  1589 | D:2      | Reached XP level 6. HP: 50/50 MP: 6/9
  1634 | D:2      | Reached skill level 5 in Necromancy
  2225 | D:3      | Killed from afar by an orc priest

Illustrated notes

Levels and vault maps discovered:
D:1:      dpeg_arrival_chambers_temple_mockup, layout_rooms,
          shapermc_ecumenical_altar_rom_forum, minmay_rat_gold_closets
D:2:      layout_basic, uniq_terence, uniq_sigmund
D:3:      layout_basic, zin_scriptorium

Skill      XL: |  1  2  3  4  5  6 |
---------------+-------------------+-----
Dodging        | 2 3 |  3.2
Spellcasting   | 2 3 |  3.0
Fighting       | 1 2 3 |  3.1
Necromancy     | 5 |  5.0
Stealth        | |  2.1

Action                   |  1- 3 |  4- 6 || total
-------------------------+-------+-------++-------
Melee: Unarmed           |    87 |       ||    87
       Dagger            |     8 |   107 ||   115
       Punch             |     1 |     1 ||     2
  Use: Scroll            |       |     7 ||     7
 Stab: Sleeping          |     2 |       ||     2
Armor: Robe              |     5 |       ||     5
       Leather armour    |     6 |       ||     6
       Ring mail         |       |    49 ||    49
Dodge: Dodged            |    61 |    50 ||   111

Table legend: (Time is in decaauts)
 A = Elapsed time spent in this place.
 B = Non-inter-level travel time spent in this place.
 C = Inter-level travel time spent in this place.
 D = Time resting spent in this place.
 E = Time spent auto-exploring this place.
 F = Levels seen in this place.
 G = Mean time per level.
                   A        B        C        D        E       F      G
               +--------+--------+--------+--------+--------+-----+--------+
         Total |   2224 |   2175 |     49 |    215 |   1461 |   3 |  741.3 |
       Dungeon |   2224 |   2175 |     49 |    215 |   1461 |   3 |  741.3 |
               +--------+--------+--------+--------+--------+-----+--------+

Top non-repeatable levels by time:
     D:2: 1127 daAuts
     D:1: 961 daAuts
     D:3: 134 daAuts
